 Dungeon Crawl Stone Soup version 0.23-a0-650-ga4d50d4 (webtiles) character file.

749 lollop the Poker (level 7, -12/49 HPs)
             Began as an Octopode Chaos Knight on Jan 4, 2019.
             Was a Plaything of Xom.
             Mangled by a gnoll
             ... wielding a +0 halberd
              (16 damage)
             ... on level 4 of the Dungeon.
             The game lasted 00:11:05 (4180 turns).

lollop the Poker (Octopode Chaos Knight)            Turns: 4180, Time: 00:11:07

Health: -12/49     AC:  1    Str: 16    XL:     7   Next: 77%
Magic:  7/7        EV: 12    Int: 15    God:    Xom [......]
Gold:   192        SH:  9    Dex: 13    Spells: 6/6 levels left

rFire    + . .     SeeInvis .   a - +0 spear (chaos)
rCold    . . .     Gourm    .   k - +0 shield
rNeg     . . .     Faith    .   (helmet restricted)
rPois    .         Spirit   .   (no amulet)
rElec    .         Reflect  .   s - ring of protection from fire
rCorr    .         Harm     .   (no ring)
MR       .....                  (no ring)
Stlth    +++.......             (no ring)
HPRegen  0.16/turn              (no ring)
MPRegen  0.10/turn              (no ring)
                                (no ring)
                                (no ring)

@: mighty, lethally poisoned (-12 -> -17)
A: almost no armour, stealthy swim, amphibious, 8 rings, constrict 8, camouflage
1, deterioration 1, gelatinous body 1
a: Renounce Religion


You were on level 4 of the Dungeon.
You worshipped Xom.
You were a very special plaything of Xom.
You were not hungry.

You visited 1 branch of the dungeon, and saw 4 of its levels.

You collected 192 gold pieces.

Inventory:

Hand Weapons
 a - a +0 spear of chaos (weapon)
Missiles
 c - a throwing net (quivered)
 f - 105 stones
 u - 5 javelins of penetration
 y - 3 tomahawks
Armour
 k - a +0 shield (worn)
Jewellery
 s - a ring of protection from fire (left tentacle)
Wands
 i - a wand of random effects (21)
Scrolls
 d - 5 scrolls of identify {unknown}
 e - 2 scrolls of teleportation {unknown}
 g - 3 scrolls of fog {unknown}
 j - 2 scrolls of blinking {unknown}
 l - a scroll of enchant weapon {unknown}
 o - a scroll of immolation {unknown}
 r - a scroll of remove curse {unknown}
 x - a scroll of amnesia {unknown}
Potions
 h - a potion of flight {unknown}
 m - a potion of heal wounds {unknown}
 n - a potion of ambrosia {unknown}
 q - a potion of degeneration {unknown}
 t - a potion of might
 v - a potion of lignification
 w - 2 potions of curing {unknown}
Comestibles
 b - 6 rations
 p - 6 chunks of flesh


   Skills:
 + Level 4.4 Fighting
 + Level 6.4 Polearms
 - Level 3.0 Dodging
 - Level 3.7 Stealth
 * Level 3.3 Shields


You had 6 spell levels left.
You didn't know any spells.
Your spell library was empty.

Dungeon Overview and Level Annotations

Branches:
Dungeon (4/15)
 Temple: D:4-7

Altars:
Kikubaaqudgha
Makhleb
Vehumet
Xom
The Shining One

Annotations:
D:2 exclusion: door
D:3 exclusion: downstairs


Innate Abilities, Weirdness & Mutations

You cannot wear most types of armour.
You are very stealthy in the water. (Stealth+)
You are amphibious.
You can wear up to eight rings at the same time.
You can use your tentacles to constrict eight enemies at once.
Your skin changes colour to match your surroundings (Stealth+).
Your rubbery body absorbs attacks. (AC +1, EV +1)
Your body sometimes deteriorates upon taking damage.


Message History

Evoke which item? (* to show all) (? for menu, Esc to quit)
Okay, then.
You feel sick.
You feel sick.
It was a potion of might.
You feel very mighty all of a sudden.
Xom is highly amused!
The orc hits you with a +0 dagger.
* * * LOW HITPOINT WARNING * * *
The orc priest begins to cast a cantrip, but forgets the words!
The gnoll closely misses you.
You feel sick.
The orc shouts!
You puncture the orc!
You kill the orc!
The orc hits you with a +0 dagger.
* * * LOW HITPOINT WARNING * * *
The gnoll hits you from afar with a +0 halberd!
You die...
Xom titters!

.....[................##...<..##
...........#...................#
...........#....................
.............††.........o......#
........#..)###............o.###
.###.........##...o......o.....
. #........lo$g...............#
..[........###o.##...........#
....##........#@.#.....S##.....
..............)........
......#.............
..#.$...............# ∆
..##.............#...
..#######....##... #....# ##
#.....


You could see a gnoll and 2 orcs.

Vanquished Creatures
  Grinder (D:3)
  Eustachio (D:4)
  A scorpion (D:4)
  2 hounds
  An iguana (D:4)
  A worker ant (D:2)
  2 gnolls
  5 adders
  A river rat (D:3)
  3 oozes
  An adder skeleton (D:4)
  A worm (D:3)
  4 dart slugs
  6 leopard geckos
  9 orcs
  3 ball pythons (D:3)
  3 giant cockroaches
  7 goblins
  14 hobgoblins
  8 jackals
  16 kobolds
  4 quokkas
  9 bats
  7 frilled lizards
  13 rats
123 creatures vanquished.

Vanquished Creatures (collateral kills)
  An ice beast (D:2)
  A kobold (D:3)
2 creatures vanquished.

Vanquished Creatures (others)
  A dart slug (D:2)
  8 toadstools (D:2)
9 creatures vanquished.

Grand Total: 134 creatures vanquished

Notes
Turn   | Place    | Note
-------+----------+-------------------------------------------
     0 | D:1      | lollop the Octopode Chaos Knight began the quest for the
                  | Orb.
     0 | D:1      | Reached XP level 1. HP: 16/16 MP: 1/1
    70 | D:1      | You fall through a shaft!
    75 | D:2      | Reached XP level 2. HP: 15/21 MP: 2/2
   202 | D:2      | Reached XP level 3. HP: 5/26 MP: 3/3
   229 | D:2      | XOM: cloud trail
   280 | D:2      | XOM: silly message
   719 | D:2      | Reached skill level 1 in Stealth
   881 | D:2      | Reached XP level 4. HP: 25/31 MP: 4/4
   978 | D:2      | XOM: harmless Tloc miscast
  1026 | D:2      | Found a shimmering altar of Xom.
  1026 | D:2      | Found a glowing golden altar of the Shining One.
  1141 | D:2      | Found a burning altar of Makhleb.
  1143 | D:2      | Noticed an ice beast
  1144 | D:2      | Reached skill level 4 in Polearms
  1227 | D:2      | XOM: blink monster(s)
  1250 | D:2      | XOM: summons 4 friendly demons
  1263 | D:2      | Killed an ice beast
  1263 | D:2      | Reached XP level 5. HP: 16/37 MP: 5/5
  1321 | D:2      | XOM: cloud trail
  1518 | D:2      | XOM: noise
  2136 | D:2      | XOM: give mutation
  2136 | D:2      | Gained mutation: Your body sometimes deteriorates upon
                  | taking damage. [Xom's mischief]
  2294 | D:2      | XOM: mild Erth miscast
  2593 | D:3      | Reached skill level 1 in Shields
  2648 | D:3      | Reached XP level 6. HP: 43/43 MP: 6/6
  2857 | D:3      | XOM: god gift: 35 gold pieces
  2911 | D:3      | Noticed Sigmund
  2914 | D:3      | Noticed Sigmund
  2914 | D:3      | Sigmund changed into Sigmund the river rat
  2914 | D:3      | XOM: polymorph Sigmund -> Sigmund the river rat
  2922 | D:3      | Killed Sigmund the river rat
  3038 | D:3      | Found an ancient bone altar of Kikubaaqudgha.
  3115 | D:3      | Found a radiant altar of Vehumet.
  3216 | D:3      | XOM: god gift: scroll labeled MIPLIS JELYOPLOSO {god gift}
  3382 | D:3      | XOM: enchant monster (good)
  3840 | D:4      | Reached skill level 5 in Polearms
  3850 | D:4      | XOM: cleaving
  3921 | D:4      | Noticed Grinder
  3922 | D:4      | XOM: destruction
  3926 | D:4      | XOM: cast spell 'Necromutation'
  3930 | D:4      | Noticed Eustachio
  3941 | D:4      | XOM: divination: detect items
  3943 | D:3      | XOM: potion effect (haste)
  3950 | D:3      | Killed Grinder
  3950 | D:3      | Reached XP level 7. HP: 36/48 MP: 7/7
  4009 | D:4      | XOM: cleaving
  4010 | D:4      | Killed Eustachio
  4010 | D:4      | Reached skill level 6 in Polearms
  4106 | D:4      | XOM: 3-stop teleportation journey
  4180 | D:4      | Mangled by a gnoll

Vault maps used:
D:1:      lemuel_arrival_broad_hall
D:2:      cheibrodos_fertilizer, xom_butterflies, tso_metal_star,
          makhleb_blood_cavern_becter
D:3:      minmay_bubble_buster, old_standard_altar, fiery_altar_vehumet,
          serial_co_window_serial, co_window_corner_a, co_window_corner_a,
          co_window_paths_b, co_window_paths_a, co_window_paths_a,
          co_window_2corner, co_window_of_opportunity_c, co_window_paths_c,
          co_window_cross_3, glass_columns_b, glass_columns_c, glass_columns_a,
          glass_columns_c, first_ration, minmay_strange_pillars, hex_tiny,
          uniq_sigmund
D:4:      kennysheep_little_box, minmay_temple_entry_slanted,
          nicolae_qazlal_general_emergency, uniq_eustachio, uniq_grinder

Skill      XL: |  1  2  3  4  5  6  7 |
---------------+----------------------+-----
Stealth        | 1 3 |  3.7
Polearms       | 4 5 6 |  6.4
Dodging        | 3 |  3.0
Shields        | 1 2 3 |  3.3
Fighting       | 4 |  4.4

Action                   |  1- 3 |  4- 6 |  7- 9 || total
-------------------------+-------+-------+-------++-------
Melee: Spear             |    53 |   226 |    41 ||   320
       Tentacles         |     6 |    29 |     8 ||    43
       Constrict         |     7 |    41 |     8 ||    56
Throw: Throwing net      |       |     2 |       ||     2
  Use: Potion            |     1 |       |     1 ||     2
 Stab: Sleeping          |     9 |    30 |       ||    39
       Distracted        |       |     2 |       ||     2
  Eat: Chunk             |       |     6 |     1 ||     7
       Ration            |       |     1 |       ||     1
Armor: Skin              |     4 |    13 |     1 ||    18
Dodge: Dodged            |    18 |    55 |    18 ||    91
Block: Shield            |       |    37 |    12 ||    49

Table legend:
 A = Non-vault XP
 B = Vault XP
 C = Vault XP percentage of total XP
 D = Non-vault monster count
 E = Vault monster count
 F = Vault count percentage of total count
                 A         B        C        D         E       F
            +---------+---------+-------+---------+---------+-------
      Total |     557 |     513 |  47.9 |      98 |      28 |  22.2
            +---------+---------+-------+---------+---------+-------
        D:1 |      38 |       0 |   0.0 |      20 |       0 |   0.0
        D:2 |     217 |      56 |  20.5 |      31 |      10 |  24.4
        D:3 |      86 |     255 |  74.8 |      32 |      17 |  34.7
        D:4 |     216 |     202 |  48.3 |      15 |       1 |   6.2
            +---------+---------+-------+---------+---------+-------
